 Dungeon Crawl Stone Soup version 0.26-a0-651-gb41185065b (webtiles) character file.

Game seed: 6076797689093376491

37289 Mesmaeker13 the Nimble (level 13, -2/68 HPs)
             Began as a Deep Elf Air Elementalist on Oct 16, 2020.
             Was the Champion of Elyvilon.
             Slain by a komodo dragon (20 damage)
             ... on level 5 of the Lair of Beasts.
             The game lasted 00:47:18 (25357 turns).

Mesmaeker13 the Nimble (Deep Elf Air Elementalist) Turns: 25357, Time: 00:47:19

Health: -2/68      AC: 12    Str:  7    XL:     13   Next: 57%
Magic:  20/31      EV: 21    Int: 24    God:    Elyvilon [******]
Gold:   774        SH:  5    Dex: 15    Spells: 18/36 levels left

rFire    + . .     SeeInvis +   T - +2 scimitar (flame)
rCold    + . .     Faith    .   (no shield)
rNeg     . . .     Spirit   .   N - +1 leather armour of Kinijuc {+Blink MR+++ Slay-4 SInv}
rPois    +         Reflect  +   S - +1 helmet
rElec    .         Harm     .   k - scarf {rC+ rF+}
rCorr    .         Rampage  .   f - +0 pair of gloves
MR       ++++.                  l - +0 pair of boots
Stlth    ++........             y - amulet of reflection
HPRegen  0.21/turn              q - ring of poison resistance
MPRegen  0.22/turn              t - +4 ring of protection

@: no status effects
A: no striking features
a: Lesser Healing, Heal Other, Purification, Greater Healing, Divine Vigour,
Divine Protection, Renounce Religion, Evoke Blink


You were on level 5 of the Lair of Beasts.
You worshipped Elyvilon.
Elyvilon was exalted by your worship.
You visited 3 branches of the dungeon, and saw 17 of its levels.

You collected 1223 gold pieces.
You spent 449 gold pieces at shops.

Inventory:

Hand Weapons
 v - a +1 dagger of venom
 T - a +2 scimitar of flaming (weapon)
Missiles
 F - 7 curare-tipped darts (quivered)
Armour
 f - a +0 pair of gloves (worn)
 k - a scarf of resistance (worn)
 l - a +0 pair of boots (worn)
 C - a +2 robe of magic resistance
 N - the +1 leather armour of Kinijuc (worn) {+Blink MR+++ Slay-4 SInv}
   (You bought it in a shop on level 8 of the Dungeon)

   It affects your accuracy and damage with ranged weapons and melee attacks
   (-4).
   It affects your resistance to hostile enchantments.
   It lets you see invisible.
   It lets you blink.
 S - a +1 helmet (worn)
Jewellery
 m - an uncursed ring of magical power
 o - an uncursed amulet of regeneration
 q - a ring of poison resistance (left hand)
 t - a +4 ring of protection (right hand)
 y - an amulet of reflection (around neck)
 K - an uncursed amulet of magic regeneration
 U - an uncursed ring of flight
Wands
 a - a wand of iceblast (5)
 d - a wand of enslavement (7)
 L - a wand of acid (7)
 Q - a wand of digging (10)
Scrolls
 b - 3 scrolls of noise
 c - 4 scrolls of fog
 e - 8 scrolls of teleportation
 g - 3 scrolls of enchant weapon
 p - 3 scrolls of enchant armour
 s - 4 scrolls of remove curse
 x - a scroll of immolation
 A - a scroll of brand weapon
 E - 2 scrolls of magic mapping
 H - a scroll of blinking
 O - 2 scrolls of amnesia
Potions
 h - 4 potions of curing
 i - 3 potions of flight
 j - 2 potions of berserk rage
 n - 4 potions of haste
 r - a potion of cancellation {unknown}
 u - a potion of mutation {unknown}
 z - 2 potions of brilliance {unknown}
 B - a potion of stabbing {unknown}
 I - a potion of might {unknown}
 M - a potion of ambrosia {unknown}
 P - 2 potions of lignification {unknown}


   Skills:
 - Level 2.9 Fighting
 + Level 13.9 Dodging
 - Level 2.4 Stealth
 - Level 12.1 Spellcasting
 + Level 12.8 Conjurations
 + Level 12.1 Air Magic
 + Level 7.1 Invocations


You had 18 spell levels left.
You knew the following spells:

 Your Spells              Type           Power        Failure   Level
a - Shock                 Conj/Air       ####         1%          1
b - Static Discharge      Conj/Air       ######..     1%          3
c - Airstrike             Air            ######....   1%          4
d - Lightning Bolt        Conj/Air       ######....   1%          5
e - Iskenderun's Battles  Conj           ######..     1%          5

Your spell library contained the following spells:

 Spells                   Type           Power        Failure   Level
 Swiftness                Air            ######..     1%          2
 Dazzling Flash           Conj/Hex       #####.       1%          3
 Corona                   Hex            ##.....      6%          1
 Ensorcelled Hibernation  Hex/Ice        ##....       10%         2
 Fireball                 Conj/Fire      #####.....   13%         5
 Confusing Touch          Hex            ##......     19%         3
 Ignite Poison            Fire/Tmut/Pois ##......     19%         3
 Tukima's Dance           Hex            ##......     19%         3
 Orb of Destruction       Conj           ######....   28%         7
 Bolt of Magma            Conj/Fire/Erth #####.....   30%         5
 Iron Shot                Conj/Erth      #####.....   56%         6
 Starburst                Conj/Fire      #####.....   56%         6
 Spellforged Servitor     Conj/Summ      #####.....   98%         7
 Ignition                 Fire           ##........   100%        8
 Shatter                  Erth           ##........   100%        9
 Tornado                  Air            ######....   100%        9


Dungeon Overview and Level Annotations

Branches:
Dungeon (10/15)            Temple (1/1) D:6            Lair (6/6) D:10
  Swamp (0/4) Lair:2        Snake (0/4) Lair:4        Slime (0/5) Lair:5
    Orc (0/2) D:10

Altars:
Elyvilon
Gozag
Kikubaaqudgha
Qazlal
Ru
Wu Jian
The Shining One
Jiyva

Shops:
D:5 [   D:7 (!   D:8 [

Annotations:
D:5 3 runed translucent doors, heinrich's ghost, amateur GnWr


Message History

Confirm with . or Enter, or press ? or * to list all spells.
The crocodile is struck by an arc of lightning!
You kill the crocodile!
You are struck by an arc of lightning.
* * * LOW HITPOINT WARNING * * *
The lightning grounds out.
The wolf is struck by an arc of lightning.
The wolf is almost dead.
The plant is struck by an arc of lightning!
The plant is moderately damaged.
You are struck by an arc of lightning.
* * * LOW HITPOINT WARNING * * *
The cane toad is struck by an arc of lightning!
The cane toad is almost dead.
The lightning grounds out.
The komodo dragon is struck by an arc of lightning.
The komodo dragon is heavily wounded.
The lightning grounds out.
The wolf barely misses you. The komodo dragon bites you!!
You die...

##.........
#..#.....#
##.###.#..
### ####.
## #####
#.#P###
##.h@.# ###
#.F†l#
#.#####
##..##
###...##
#...##
#..#..#.
##...####
##......
##P<#..#
###..####
#.....#
#.#..# ##
###.#.#
##...###.
#...##
#.......#


You could see a komodo dragon, a cane toad and a wolf.

Vanquished Creatures
  Harold (D:8)
  5 hydras
  A two-headed ogre (D:9)
  2 death yaks
  Sonja (Lair:1)
  2 unseen horrors
  Pikel (D:4)
  A centaur zombie (D:10)
  A black mamba (Lair:1)
  2 centaur skeletons (D:10)
  16 cane toads
  An efreet (D:10)
  Psyche (D:8)
  A torpor snail (Lair:4)
  3 rime drakes
  10 komodo dragons
  A polar bear (Lair:5)
  Prince Ribbit (D:7)
  2 trolls
  Grinder (D:3)
  18 blink frogs
  6 dream sheep
  7 hippogriffs
  A wyvern (Lair:3)
  A wraith (D:10)
  19 yaks
  3 basilisks
  2 steam dragons
  3 vampire mosquitoes (Lair:6)
  13 water moccasins
  17 porcupines
  A swamp drake (D:10)
  3 orc warriors (D:10)
  An ice beast (D:8)
  9 ogres
  A necrophage (D:10)
  4 centaurs
  12 crocodiles
  2 lemures (D:4)
  A big kobold (D:10)
  19 bullfrogs
  Dowan (D:4)
  6 scorpions
  A howler monkey (D:8)
  A bullfrog skeleton (D:7)
  5 hounds
  2 jellies (D:5)
  10 orc priests
  Crazy Yiuf (D:7)
  10 iguanas
  5 worker ants
  7 orc wizards
  A hound skeleton (D:8)
  3 worker ant zombies
  10 adders
  7 gnolls
  2 white imps
  3 ufetubi (D:5)
  2 oozes
  An adder zombie (D:2)
  4 adder skeletons
  7 worms
  7 dart slugs
  5 leopard geckos
  32 orcs
  3 bats
  A bat skeleton (D:2)
  A bat zombie (D:2)
  4 giant cockroaches
  8 goblins
  5 hobgoblins
  16 jackals
  13 kobolds
  5 quokkas
  A ball python (D:1)
  2 ball python zombies
  6 frilled lizards
  A giant cockroach zombie (D:2)
  A leopard gecko skeleton (D:4)
  A quokka skeleton (D:5)
  2 quokka zombies
  7 rats
  A butterfly (D:6)
408 creatures vanquished.

Vanquished Creatures (collateral kills)
  A crocodile (D:10)
  An orc (D:10)
2 creatures vanquished.

Vanquished Creatures (others)
  Duvessa (D:4)
  A human (D:4)
  A bullfrog (Lair:1)
  A jackal (D:7)
  A bush (Lair:6)
  64 fungi
  133 plants
  A withered plant (D:2)
203 creatures vanquished.

Grand Total: 613 creatures vanquished

Notes
Turn   | Place    | Note
-------+----------+-------------------------------------------
     0 | D:1      | Mesmaeker13 the Deep Elf Air Elementalist began the quest
                  | for the Orb.
     0 | D:1      | Reached XP level 1. HP: 10/10 MP: 6/6
   247 | D:1      | Reached XP level 2. HP: 15/15 MP: 4/8
   688 | D:1      | Reached skill level 3 in Dodging
   694 | D:1      | Reached XP level 3. HP: 19/19 MP: 1/10
  1172 | D:1      | You fall into a shaft and drop 1 floor!
  1392 | D:1      | You fall into a shaft and drop 1 floor!
  1830 | D:1      | Learned a level 3 spell: Static Discharge
  2089 | D:2      | Reached XP level 4. HP: 24/24 MP: 1/11
  3173 | D:3      | Noticed Grinder
  3196 | D:3      | Killed Grinder
  3196 | D:3      | Reached skill level 4 in Dodging
  3196 | D:3      | Reached skill level 5 in Spellcasting
  3196 | D:3      | Reached XP level 5. HP: 17/28 MP: 4/14
  3196 | D:3      | Reached XP level 6. HP: 19/32 MP: 4/15
  4234 | D:4      | Noticed Duvessa
  4238 | D:4      | Noticed Dowan
  4249 | D:4      | Killed Duvessa
  4534 | D:4      | Reached skill level 5 in Dodging
  4534 | D:4      | Reached XP level 7. HP: 16/36 MP: 7/17
  4682 | D:4      | Killed Dowan
  4747 | D:4      | Found an ancient bone altar of Kikubaaqudgha.
  4747 | D:4      | Noticed a human
  4751 | D:4      | Killed a human
  5195 | D:4      | Reached skill level 5 in Air Magic
  5483 | D:5      | Entered Level 5 of the Dungeon
  5507 | D:4      | Noticed Pikel
  5527 | D:4      | Killed Pikel
  5527 | D:4      | Reached skill level 6 in Dodging
  5527 | D:4      | Reached skill level 5 in Conjurations
  5527 | D:4      | Reached XP level 8. HP: 33/41 MP: 5/20
  5711 | D:4      | Learned a level 4 spell: Airstrike
  6524 | D:5      | Reached skill level 7 in Dodging
  6980 | D:5      | Noticed heinrich's ghost (amateur GnWr)
  6985 | D:5      | Found a runed translucent gate.
  6985 | D:5      | Found a runed translucent gate.
  6986 | D:5      | Found a runed translucent gate.
  7142 | D:5      | Found Buassam's Armour Shoppe.
  7281 | D:5      | Bought a +2 robe of magic resistance for 212 gold pieces
  7552 | D:5      | Reached XP level 9. HP: 33/45 MP: 9/23
  8015 | D:6      | Found a staircase to the Ecumenical Temple.
  8022 | Temple   | Entered the Ecumenical Temple
  8042 | Temple   | Became a worshipper of Elyvilon the Healer
  8476 | D:7      | Found Masus's Distillery.
  8496 | D:7      | Bought a potion of curing for 48 gold pieces
  8774 | D:7      | Reached * piety under Elyvilon
  8956 | D:7      | Noticed Prince Ribbit
  8964 | D:7      | Killed Prince Ribbit
  8964 | D:7      | Reached skill level 8 in Dodging
  9442 | D:7      | Learned a level 5 spell: Lightning Bolt
  9497 | D:7      | Found a runed translucent door.
  9498 | D:7      | Noticed Crazy Yiuf
  9540 | D:7      | Found Hawuno's Antique Weapon Shop.
  9825 | D:7      | Killed Crazy Yiuf
 10164 | D:8      | Noticed Psyche
 10400 | D:8      | Reached ** piety under Elyvilon
 10453 | D:8      | Noticed Harold
 10474 | D:8      | Killed Harold
 10474 | D:8      | Reached skill level 9 in Dodging
 10619 | D:8      | Reached XP level 10. HP: 46/50 MP: 15/25
 10702 | D:8      | Killed Psyche
 10739 | D:8      | Reached skill level 10 in Spellcasting
 10970 | D:8      | Found Ustresew's Antique Armour Shop.
 10978 | D:8      | Bought a faintly humming leather armour for 189 gold pieces
 10989 | D:8      | Identified the cursed +1 leather armour of Kinijuc {+Blink
                  | MR+++ Slay-4 SInv} (You bought it in a shop on level 8 of
                  | the Dungeon)
 11760 | D:9      | Found a glowing golden altar of the Shining One.
 11802 | D:9      | Noticed a two-headed ogre
 11809 | D:9      | Killed a two-headed ogre
 12192 | D:10     | Entered Level 10 of the Dungeon
 12360 | D:10     | Reached skill level 10 in Dodging
 13460 | D:10     | Noticed an unseen horror
 13465 | D:9      | Killed an unseen horror
 13465 | D:9      | Reached XP level 11. HP: 52/54 MP: 4/28
 13675 | D:10     | Noticed an unseen horror
 14249 | D:10     | Found a staircase to the Orcish Mines.
 14310 | D:10     | Killed an unseen horror
 14310 | D:10     | Reached skill level 11 in Dodging
 14310 | D:10     | Reached skill level 10 in Conjurations
 14372 | D:10     | Found a staircase to the Lair.
 14751 | D:10     | Reached *** piety under Elyvilon
 15024 | Lair:1   | Entered Level 1 of the Lair of Beasts
 15418 | Lair:1   | Reached skill level 1 in Fighting
 15670 | Lair:1   | Reached skill level 10 in Air Magic
 15682 | Lair:1   | Noticed Sonja
 15701 | Lair:1   | Killed Sonja
 16070 | Lair:1   | Reached **** piety under Elyvilon
 16612 | Lair:2   | Found a staircase to the Swamp.
 16647 | Lair:2   | Noticed a five-headed hydra
 16791 | Lair:2   | Noticed a six-headed hydra
 16902 | Lair:2   | Killed a six-headed hydra
 16902 | Lair:2   | Reached XP level 12. HP: 41/64 MP: 9/30
 17106 | Lair:2   | Killed a five-headed hydra
 17106 | Lair:2   | Reached skill level 12 in Dodging
 17355 | Lair:2   | Reached skill level 1 in Invocations
 17624 | Lair:2   | Noticed a four-headed hydra
 18001 | Lair:2   | Reached ***** piety under Elyvilon
 18447 | Lair:2   | Killed a four-headed hydra
 20320 | Lair:4   | Found a staircase to the Snake Pit.
 20477 | Lair:4   | Reached ****** piety under Elyvilon
 20569 | Lair:4   | Noticed a death yak
 20589 | Lair:4   | Killed a death yak
 20710 | Lair:4   | Noticed a death yak
 20726 | Lair:3   | HP: 3/64 [death yak[a torpor snail] (24)]
 21148 | Lair:3   | Killed a death yak
 21148 | Lair:3   | Reached skill level 13 in Dodging
 21159 | Lair:3   | Reached skill level 5 in Invocations
 22244 | Lair:5   | Reached XP level 13. HP: 62/68 MP: 20/31
 22840 | Lair:5   | Found a viscous altar of Jiyva.
 22840 | Lair:5   | Found a staircase to the Slime Pits.
 22859 | Lair:5   | Learned a level 5 spell: Iskenderun's Battlesphere
 23174 | Lair:5   | You fall into a shaft and drop 1 floor!
 23174 | Lair:6   | Entered Level 6 of the Lair of Beasts
 25357 | Lair:5   | Slain by a komodo dragon

Illustrated notes

Levels and vault maps discovered:
D:1:      minmay_arrival_open_corners, layout_basic, minmay_pentomino_q4
D:2:      layout_basic, serial_undead, serial_undead_f, serial_undead_f,
          serial_undead_a, serial_undead_f, serial_undead_a
D:3:      layout_loops_ring, minmay_splitting_lines,
          minmay_large_rounded_square, uniq_grinder
D:4:      layout_loops_ring, tgw_kikubaaqudgha, uniq_pikel, uniq_duvessa
D:5:      minmay_razor_zed, layout_basic, gammafunk_ghost_split,
          serial_bayou_ford_a, kennysheep_small_circle
D:6:      layout_basic, minmay_temple_entry_butterflies
D:7:      layout_loops_corners, serial_shops, nicolae_shop_trees, shop,
          grunt_ministairs_14, uniq_crazy_yiuf_cottage, uniq_prince_ribbit1
D:8:      layout_basic, serial_shops, shop, uniq_psyche, uniq_harold
D:9:      layout_rooms, nicolae_tso_carved_into_rock, grunt_ministairs_1
D:10:     layout_rooms, minmay_lair_entry_grove, erik_orc_1, kennysheep_potato
Temple:   regret_index_temple_sigil_plot
Lair:1:   layout_cave_pods, uniq_sonja
Lair:2:   layout_regular_city, swamp_mist
Lair:3:   beast_lair_carwin_large_4, layout_regular_city
Lair:4:   layout_regular_city, dummy_snake_entry
Lair:5:   layout_layer_cave, slime_altar_1
Lair:6:   minmay_lair_end_frog_pond, layout_regular_city, minmay_hedge_maze,
          st_stairs_6, serial_bayou_pond_c, minmay_stone_trees_small

Skill      XL: |  1  2  3  4  5  6  7  8  9 10 11 12 13 |
---------------+----------------------------------------+-----
Dodging        | 3 4 5 6 7 9 10 11 13 | 13.9
Conjurations   | 2 3 4 5 6 7 9 10 12 | 12.8
Spellcasting   | 5 7 8 9 11 12 | 12.1
Air Magic      | 4 5 6 7 9 10 11 12 | 12.1
Fighting       | 2 |  2.9
Invocations    | 5 7 |  7.1
Stealth        | |  2.4

Action                   |  1- 3 |  4- 6 |  7- 9 | 10-12 | 13-15 || total
-------------------------+-------+-------+-------+-------+-------++-------
Melee: Short sword       |     1 |     4 |       |       |       ||     5
       Whip              |       |       |     1 |       |       ||     1
       Dagger            |       |       |    21 |     2 |       ||    23
       Scimitar          |       |       |       |    29 |    17 ||    46
Throw: Throwing net      |       |       |       |     1 |       ||     1
 Cast: Shock             |    88 |   104 |   241 |   303 |    81 ||   817
       Static Discharge  |     1 |     7 |    56 |   121 |    51 ||   236
       Lightning Bolt    |       |       |    10 |   116 |    22 ||   148
       Airstrike         |       |       |       |    23 |     2 ||    25
       Iskenderun's Batt |       |       |       |       |    11 ||    11
Invok: Lesser Healing    |       |       |       |     2 |       ||     2
Evoke: Wand              |       |       |     4 |    26 |     2 ||    32
  Use: Scroll            |       |     5 |     9 |    10 |     8 ||    32
       Potion            |       |     2 |       |     3 |     2 ||     7
 Stab: Sleeping          |     1 |       |       |       |       ||     1
       Invisible         |       |       |       |     1 |     2 ||     3
Armor: Robe              |     3 |     7 |    16 |       |       ||    26
       Leather armour    |       |       |       |    46 |    17 ||    63
Dodge: Dodged            |    20 |    26 |    88 |   163 |   107 ||   404
Block: Other             |       |       |     3 |    50 |    29 ||    82
       Reflection        |       |       |       |     6 |       ||     6
       Rpst.: Scimitar   |       |       |       |    23 |    33 ||    56

Table legend: (Time is in decaauts)
 A = Elapsed time spent in this place.
 B = Non-inter-level travel time spent in this place.
 C = Inter-level travel time spent in this place.
 D = Time resting spent in this place.
 E = Time spent auto-exploring this place.
 F = Levels seen in this place.
 G = Mean time per level.
                   A        B        C        D        E       F      G
               +--------+--------+--------+--------+--------+-----+--------+
         Total |  25446 |  24148 |   1298 |   8255 |  12787 |  17 | 1496.8 |
       Dungeon |  15024 |  14195 |    829 |   4090 |   8214 |  10 | 1502.4 |
        Temple |     30 |     21 |      9 |      0 |     17 |   1 |   30.0 |
          Lair |  10391 |   9931 |    460 |   4165 |   4556 |   6 | 1731.8 |
               +--------+--------+--------+--------+--------+-----+--------+

Top non-repeatable levels by time:
  Lair:5: 2979 daAuts
  Lair:1: 2491 daAuts
     D:9: 2449 daAuts
  Lair:3: 2089 daAuts
     D:5: 1819 daAuts
     D:7: 1726 daAuts
     D:4: 1721 daAuts
     D:1: 1719 daAuts
  Lair:2: 1403 daAuts
    D:10: 1381 daAuts
     D:2: 1268 daAuts
  Lair:4: 1212 daAuts
     D:3: 1085 daAuts
     D:8: 1053 daAuts
     D:6: 799 daAuts
